 Dungeon Crawl Stone Soup version 0.32-a0-42-ga30500b4d3 (webtiles) character file.

Game seed: 1453824214432800721

632 p00ps00p the Trooper (level 7, -3/62 HPs)
             Began as a Hill Orc Fighter on Jan 28, 2024.
             Succumbed to a scorpion's poison
             ... on level 5 of the Dungeon.
             The game lasted 00:06:24 (4289 turns).

p00ps00p the Trooper (Hill Orc Fighter)             Turns: 4289, Time: 00:06:24

Health: -3/62      AC: -3    Str: 21    XL:     7   Next: 49%
Magic:  7/7        EV:  9    Int: 14    God:
Gold:   200        SH:  5    Dex: 10    Spells: 6/6 levels left

rFire   . . .        a - +1 war axe
rCold   . . .        c - +0 buckler
rNeg    . . .        b - +0 scale mail
rPois   .            (no helmet)
rElec   .            (no cloak)
rCorr   .            g - +0 pair of gloves
SInv    .            (no boots)
Will    .....        (no amulet) Stlth
                     e - +6 ring of intelligence
HPRegen 0.30/turn    (no ring)
MPRegen 0.10/turn

%: no passive effects
@: lethally poisoned (-3 -> -31), corroded
A: no striking features
a: no special abilities


You were on level 5 of the Dungeon.
You visited 1 branch of the dungeon, and saw 5 of its levels.

You collected 200 gold pieces.

Inventory:

Hand Weapons
 a - a +1 war axe (weapon)
Missiles
 n - 2 atropa-tipped darts (quivered)
 q - 6 poisoned darts
Armour
 b - a +0 scale mail (worn)
 c - a +0 buckler (worn)
 g - a +0 pair of gloves (worn)
Jewellery
 e - a +6 ring of intelligence (left hand)
Scrolls
 k - a scroll of vulnerability
 r - 5 scrolls of teleportation
 s - a scroll of revelation {unknown}
 v - a scroll of identify
 w - a scroll of immolation {unknown}
Potions
 d - 2 potions of might
 h - a potion of cancellation {unknown}
 j - 2 potions of resistance {unknown}
 l - 2 potions of enlightenment {unknown}
 m - 2 potions of attraction
 o - 2 potions of lignification {unknown}
 p - a potion of heal wounds {unknown}
 t - a potion of brilliance {unknown}
 u - a potion of invisibility {unknown}


   Skills:
 + Level 5.9 Fighting
 + Level 5.8 Axes
 + Level 5.4 Armour
 + Level 5.4 Shields


You had 6 spell levels left.
You didn't know any spells.
Your spell library contained the following spells:

 Spells                   Type           Power      Damage    Failure   Level
 Magic Dart               Conj           0%         1d3       65%         1
 Blink                    Tloc           0%         N/A       80%         2
 Call Imp                 Summ           0%         N/A       80%         2


Dungeon Overview and Level Annotations

Branches:
Dungeon (5/15)
 Temple: D:4-7

Altars:


Message History

The scorpion stings you but does no damage. x2
You closely miss the scorpion.
The scorpion is lightly wounded.
You block the scorpion's attack.
You hit the scorpion.
The scorpion is moderately wounded.
You slash the jelly!
Your hands burn!
The scorpion stings you but does no damage.
The jelly hits you but does no damage.
The scorpion stings you but does no damage.
You hit the jelly. The acid corrodes you!
Your hands burn!
The jelly is almost dead.
You barely miss the scorpion. The jelly hits you. The acid corrodes you!
You are splashed with acid.
The scorpion stings you!
You are poisoned.
The scorpion poisons you! The jelly hits you. The acid corrodes you!
You are splashed with acid!
You hit the jelly but do no damage.
Your hands burn!
The jelly is almost dead.
You hit the scorpion.
You feel very sick. The scorpion stings you. You block the jelly's attack.
The scorpion stings you.
You are more poisoned.
The scorpion poisons you!
You slash the scorpion!
The scorpion is severely wounded.
You hit the jelly but do no damage.
Your hands burn!
* * * LOW HITPOINT WARNING * * *
You feel very sick. The scorpion stings you.
* * * LOW HITPOINT WARNING * * *
You are more poisoned.
The scorpion poisons you! The jelly hits you.
* * * LOW HITPOINT WARNING * * *
The acid corrodes you!
You are splashed with acid!
* * * LOW HITPOINT WARNING * * *
Blink to where?
Press: ? - help, Q - select action, (/) - cycle Dir - move target
As you read the scroll of blinking, it crumbles to dust.
You die...

.# .###....##.###.......## .#
.... ..###......##...## .. #.
.....##########.##...#. .. ...
................##...##
...#+## ###................
....... #)######.......##
....>.. ##.######.......##
....... #......##......##.
......J######@^....##......##.
......s§...........##......##.
...##########......##......##.
#......##...)..##.
#......##......##.
#########.......#. #########.
## #


You could see a scorpion.

Vanquished Creatures
  An ogre (D:5)
  A centaur (D:5)
  A scorpion (D:4)
  A bombardier beetle (D:5)
  2 quasits (D:4)
  A hound (D:5)
  Jessica (D:2)
  2 sleepcaps (D:5)
  3 iguanas
  3 adders
  2 white imps (D:4)
  3 ufetubi (D:4)
  2 dart slugs
  4 orcs (D:3)
  5 bats
  5 endoplasms
  5 giant cockroaches
  4 goblins
  7 hobgoblins
  A quokka (D:2)
  4 ball pythons
  A frilled lizard (D:1)
  6 kobolds
  5 rats
70 creatures vanquished.

Notes
Turn   | Place    | Note
-------+----------+-------------------------------------------
     0 | D:1      | p00ps00p the Hill Orc Fighter began the quest for the Orb.
     0 | D:1      | Reached XP level 1. HP: 19/19 MP: 1/1
   169 | D:1      | Reached XP level 2. HP: 20/27 MP: 2/2
   592 | D:1      | Reached XP level 3. HP: 33/33 MP: 3/3
   818 | D:2      | Noticed Jessica
   823 | D:2      | Killed Jessica
   922 | D:2      | Found a faded altar of an unknown god.
  1072 | D:2      | Reached XP level 4. HP: 35/40 MP: 4/4
  2035 | D:3      | You fall into a shaft and drop 2 floors!
  2035 | D:5      | Entered Level 5 of the Dungeon
  2366 | D:4      | Reached XP level 5. HP: 39/47 MP: 5/5
  2428 | D:4      | Reached skill level 5 in Fighting
  2428 | D:4      | Reached XP level 6. HP: 54/56 MP: 6/6
  2766 | D:4      | Reached skill level 5 in Axes
  3529 | D:5      | Reached skill level 5 in Shields
  3667 | D:5      | Reached skill level 5 in Armour
  3667 | D:5      | Reached XP level 7. HP: 61/61 MP: 7/7
  4289 | D:5      | Succumbed to a scorpion's poison

Illustrated notes

Levels and vault maps discovered:
D:1:      dpeg_arrival_prison, layout_loops_ring
D:2:      layout_basic, chequers_ecumenical_altar_twisty, uniq_jessica
D:3:      layout_basic
D:4:      layout_loops_ring, serial_demonic, serial_demonic_a, serial_demonic_g,
          serial_demonic_d, serial_demonic_a, serial_demonic_c
D:5:      layout_basic, hangedman_decor_slide_cut, minmay_misc_feat_five

Skill      XL: |  1  2  3  4  5  6 |
---------------+-------------------+-----
Axes           | 3 4 5 |  5.8
Fighting       | 4 5 |  5.9
Shields        | 4 5 |  5.4
Armour         | 4 5 |  5.4

Action                     |  1- 3 |  4- 6 |  7- 9 || total
---------------------------+-------+-------+-------++-------
  Melee: War axe           |    50 |   144 |    23 ||   217
    Use: Scroll            |     2 |     8 |     1 ||    11
         Potion            |       |     2 |     2 ||     4
 Armour: Scale mail        |    23 |   170 |    36 ||   229
  Dodge: Dodged            |    20 |   119 |    12 ||   151
  Block: Buckler           |     8 |    52 |     7 ||    67

Table legend: (Time is in decaauts)
 A = Elapsed time spent in this place.
 B = Non-inter-level travel time spent in this place.
 C = Inter-level travel time spent in this place.
 D = Time resting spent in this place.
 E = Time spent auto-exploring this place.
 F = Levels seen in this place.
 G = Mean time per level.
                   A        B        C        D        E       F      G
               +--------+--------+--------+--------+--------+-----+--------+
         Total |   4340 |   4250 |     90 |    482 |   3114 |   5 |  868.0 |
       Dungeon |   4340 |   4250 |     90 |    482 |   3114 |   5 |  868.0 |
               +--------+--------+--------+--------+--------+-----+--------+

Top non-repeatable levels by time:
     D:5: 1087 daAuts
     D:4: 959 daAuts
     D:3: 824 daAuts
     D:1: 808 daAuts
     D:2: 660 daAuts
